 Dungeon Sprint DCSS version 0.17-a0-1691-g18a3847 (webtiles) character file.

3785 cmyster the Imperceptible (level 9, 0/71 HPs)
             Began as a Vampire Assassin on Aug 20, 2015.
             Was a Priest of Dithmenos.
             Slain by a demonic crawler (1 damage)
             ... in the Dungeon (Sprint I: "Red Sonja").
             The game lasted 00:05:14 (451 turns).

cmyster the Imperceptible (Vampire Assassin)         Turns: 451, Time: 00:05:14

Health: 0/71       AC:  5    Str: 10    XL:     9   Next: 95%
Magic:  9/9        EV: 14    Int: 14    God:    Dithmenos [***...]
Gold:   39         SH:  0    Dex: 18    Spells: 0 memorised, 8 levels left

rFire  . . .     SeeInvis +     q - +0 short sword (drain)
rCold  . . .     Clarity  .     c - +0 robe
rNeg   . . .     SustAt   .     (no shield)
rPois  .         Gourm    .     (no helmet)
rElec  .         Spirit   .     r - +2 cloak of the Thief {+Fog Slay-2 SInv Stlth+}
rCorr  .         Warding  .     (no gloves)
rMut   .         NoTele   +     (no boots)
MR     .....                    (no amulet)
Stlth  ++++++++++               (no ring)
                                (no ring)

@: regenerating quickly, wreathed by umbra, not resistant to hostile
enchantments, uncannily stealthy
A: fangs 3, see invisible, unbreathing
a: Shadow Step, Renounce Religion, Evoke Fog


You were in the Dungeon.
You worshipped Dithmenos.
Dithmenos was most pleased with you.
You were full.

You visited 1 branch You collected 755 gold pieces.
You spent 716 gold pieces at shops.

Inventory:

Hand weapons
 a - a +2 dagger
 b - a +0 blowgun
 q - a +0 short sword of draining (weapon)
Missiles
 e - 8 poisoned needles
 f - 11 curare-tipped needles
Armour
 c - a +0 robe (worn)
 d - a +0 cloak
 r - the +2 cloak of the Thief (worn) {+Fog Slay-2 SInv Stlth+}
   (You bought it in a shop in the Dungeon)

   It affects your accuracy and damage with ranged weapons and melee attacks
   (-2).
   It lets you see invisible.
   It can be evoked to emit clouds of fog.
   It makes you more stealthy.
Jewellery
 p - the ring "Nunutoci" {rC+ Str+2, unknown}
   (You found it in the Dungeon)

   [ring of protection from cold]

   It affects your strength (+2).
   It protects you from cold.
Magical devices
 n - a wand of magic darts (28)
 o - a wand of slowing (19)
Scrolls
 m - a scroll of blinking
Potions
 g - a potion of blood
 h - a potion of curing
 i - a potion of heal wounds
 j - a potion of haste
 k - 2 potions of magic
 l - a potion of berserk rage


   Skills:
 + Level 6.7 Fighting
 + Level 7.6 Short Blades
 + Level 5.3 Throwing
 + Level 3.3 Dodging
 + Level 26.5 Stealth


You had 8 spell levels left.
You didn't know any spells.

Dungeon Overview and Level Annotations

Branches:
Dungeon (1/1)

Altars:
Cheibriados
Dithmenos
Elyvilon
Fedhas
Gozag
Kikubaaqudgha
Makhleb
Nemelex Xobeh
Okawaru
Qazlal
Ru
Sif Muna
Trog
Vehumet
Xom
Yredelemnul
Zin
The Shining One
Jiyva

Shops:
D %*[


Innate Abilities, Weirdness & Mutations

Your natural rate of healing is unusually fast.
You have razor-sharp teeth.
You have supernaturally acute eyesight.
You can survive without breathing.


Message History

You hit the demonic crawler but do no damage.
You bite the demonic crawler, but do no damage.
The demonic crawler is lightly wounded.
The demonic crawler hits you! The demonic crawler hits you.
The demonic crawler completely misses you.
You hit the demonic crawler but do no damage.
The demonic crawler is lightly wounded.
The demonic crawler barely misses you.
The demonic crawler hits you but does no damage.
The demonic crawler completely misses you.
The demonic crawler hits you. The demonic crawler hits you!
* * * LOW HITPOINT WARNING * * *
The demonic crawler completely misses you.
The demonic crawler hits you!
* * * LOW HITPOINT WARNING * * *
The demonic crawler hits you!
* * * LOW HITPOINT WARNING * * *
The demonic crawler closely misses you. The demonic crawler hits you.
You die...

##################
.#.)'..#__#..'..)#
)'..#..'^.'..#..@##+#
'#####'#__####)..ss.#
.#...#.####(§#####s.+
##..##(#≈§≈§§#.§# +##
_##'#..+§≈§..+§.#
..'..._#§§≈§§#§§#
_##_.#'##§#####+#
_###'#.#.(.)###
####.####'###[##


You could see 3 demonic crawlers.

Vanquished Creatures
  2 centaur warriors (D)
  Sonja (D)
  A deep troll (D)
  2 kobold demonologists (D)
  A demonic crawler (D)
  A slime creature (D)
  A yak (D)
  Sigmund (D)
  A wasp (D)
  An ogre (D)
  Ijyb (D)
  A jelly (D)
  A giant eyeball (D)
15 creatures vanquished.

Vanquished Creatures (others)
  A gargoyle (D)
1 creature vanquished.

Grand Total: 16 creatures vanquished

Notes
Turn   | Place    | Note
--------------------------------------------------------------
     0 | D        | cmyster the Vampire Assassin began the quest for the Orb.
     0 | D        | Reached XP level 1. HP: 16/16 MP: 1/1
     2 | D        | Noticed Ijyb
     5 | D        | Killed Ijyb
     5 | D        | Reached skill level 9 in Stealth
     5 | D        | Reached XP level 2. HP: 21/23 MP: 2/2
    12 | D        | Noticed an ogre
    15 | D        | Killed an ogre
    15 | D        | Reached skill level 12 in Stealth
    15 | D        | Reached XP level 3. HP: 25/29 MP: 3/3
    15 | D        | Reached XP level 4. HP: 30/35 MP: 4/4
    34 | D        | Noticed Sigmund
    37 | D        | Killed Sigmund
    37 | D        | Reached skill level 16 in Stealth
    37 | D        | Reached XP level 5. HP: 39/42 MP: 5/5
    55 | D        | Found a snail-covered altar of Cheibriados.
    55 | D        | Found a viscous altar of Jiyva.
    55 | D        | Found a shadowy altar of Dithmenos.
    55 | D        | Found a blossoming altar of Fedhas.
    55 | D        | Noticed a slime creature
    58 | D        | Killed a slime creature
    58 | D        | Reached skill level 5 in Short Blades
    58 | D        | Reached skill level 18 in Stealth
    58 | D        | Reached XP level 6. HP: 47/49 MP: 6/6
    61 | D        | Became a worshipper of Dithmenos the Shadowed
    67 | D        | Found a deep blue altar of Sif Muna.
    68 | D        | Noticed a jelly
    69 | D        | Found a radiant altar of Vehumet.
    75 | D        | Killed a jelly
    81 | D        | Got a steaming tin ring
   106 | D        | Found Butieler's General Store.
   106 | D        | Found a white marble altar of Elyvilon.
   106 | D        | Found a stormy altar of Qazlal.
   106 | D        | Found a burning altar of Makhleb.
   106 | D        | Found a sacrificial altar of Ru.
   106 | D        | Found a basalt altar of Yredelemnul.
   106 | D        | Found a glowing golden altar of the Shining One.
   106 | D        | Found a sparkling altar of Nemelex Xobeh.
   106 | D        | Found a shimmering altar of Xom.
   106 | D        | Found an opulent altar of Gozag.
   106 | D        | Found an ancient bone altar of Kikubaaqudgha.
   106 | D        | Found a glowing silver altar of Zin.
   106 | D        | Noticed a yak
   107 | D        | Found an iron altar of Okawaru.
   108 | D        | Killed a yak
   108 | D        | Reached skill level 19 in Stealth
   108 | D        | Reached XP level 7. HP: 55/55 MP: 7/7
   109 | D        | Found a bloodstained altar of Trog.
   136 | D        | Noticed Sonja
   140 | D        | Killed Sonja
   140 | D        | Reached skill level 5 in Fighting
   140 | D        | Reached skill level 21 in Stealth
   140 | D        | Reached XP level 8. HP: 60/62 MP: 8/8
   163 | D        | Found Useckesi's Food Boutique.
   183 | D        | Noticed a deep troll
   187 | D        | Killed a deep troll
   187 | D        | Reached skill level 23 in Stealth
   199 | D        | Found Loefem's Armour Emporium.
   222 | D        | Noticed a centaur warrior
   223 | D        | Noticed a centaur warrior
   227 | D        | Killed a centaur warrior
   227 | D        | Reached skill level 5 in Throwing
   227 | D        | Reached skill level 24 in Stealth
   227 | D        | Reached XP level 9. HP: 69/69 MP: 9/9
   230 | D        | Killed a centaur warrior
   230 | D        | Acquired Dithmenos's first power
   230 | D        | Reached skill level 25 in Stealth
   233 | D        | Noticed a wasp
   245 | D        | Killed a wasp
   395 | D        | Bought the +2 cloak of the Thief {+Fog Slay-2 SInv Stlth+} for 716 gold pieces
   398 | D        | Killed a gargoyle
   433 | D        | Noticed a kobold demonologist
   434 | D        | Noticed a kobold demonologist
   436 | D        | Killed a kobold demonologist
   439 | D        | Killed a kobold demonologist
   439 | D        | Reached skill level 26 in Stealth
   442 | D        | Noticed a demonic crawler
   442 | D        | Noticed a demonic crawler
   442 | D        | Noticed a demonic crawler
   442 | D        | Noticed a demonic crawler
   444 | D        | Killed a demonic crawler
   444 | D        | Acquired Dithmenos's second power
   450 | D        | HP: 1/71 [demonic crawler (9)]
   451 | D        | Slain by a demonic crawler

Vault maps used:
D:        dungeon_sprint_1

Action                   |  1- 3 |  4- 6 |  7- 9 || total
-------------------------+-------+-------+-------++-------
Melee: Dagger            |     2 |     4 |     1 ||     7
       Short sword       |       |       |    23 ||    23
  Use: Scroll            |       |       |     2 ||     2
 Stab: Sleeping          |     2 |     4 |     8 ||    14
  Eat: Corpse            |     1 |     2 |     1 ||     4
